Cogmind - Beta 10.2 *** ADVENTURER MODE // 2020.11.04 @ 20:09:01 // Halloween2020/ForbiddenLore Player: darlorth Result: Destroyed by Y-45 Defender with Heavy Assault Rifle Performance ------------- Evolutions (1) 500 Regions Visited (2) 400 Robots Destroyed (48) 240 Value Destroyed (1098) 1098 Prototype IDs (0) 0 Alien Tech Used (0) 0 Bonus (0) 0 TOTAL SCORE: 2238 Bonus ------- None Cogmind --------- Core Integrity 0/400 Matter 300/300 Energy 265/265 System Corruption 0% Temperature Cool (9) Movement Walking (120) Location -9/Materials Parts ------- > --- POWER (1) -------- Improved Ion Engine > --- PROPULSION (3) --- Aluminum Leg Aluminum Leg Aluminum Leg > --- UTILITY (3) ------ Large Storage Unit Improved Sensor Array Light Armor Plating > --- WEAPON (2) ------- Heavy Hammer > --- INVENTORY (10) --- Large Storage Unit Large Matter Pod (78) Improved Sensor Array Terrain Scanner Weapon Shielding Small Laser Rocket Launcher Peak State ------------ > --- POWER ------------ Improved Ion Engine > --- PROPULSION ------- Improved Hover Unit Improved Hover Unit Improved Hover Unit > --- UTILITY ---------- Large Storage Unit Improved Signal Interpreter Weapon Shielding > --- WEAPON ----------- Heavy Hammer Heavy Hammer > --- INVENTORY -------- Improved Ion Engine Large Storage Unit Improved Sensor Array Improved Sensor Array Terrain Scanner Light Armor Plating Small Laser [Rating: 17] Favorites ----------- Power Improved Ion Engine Engine Improved Ion Engine Power Core Light Nuclear Core Propulsion Aluminum Leg Treads Light Treads Leg Aluminum Leg Hover Unit Improved Hover Unit Utility Large Storage Unit Device Improved Heat Sink Storage Large Storage Unit Processor Improved Signal Interpreter Protection Weapon Shielding Weapon Heavy Hammer Energy Gun EM Pulse Gun Ballistic Gun Heavy Assault Rifle Impact Weapon Heavy Hammer Build | -11 -10 -9 ------- Run | Scr Mat Mat Slots Evolved 2 | . . 2 Power . | . . . Propulsion 1 | . . 1 Utility 1 | . . 1 Weapon . | . . . Parts Attached 37 | 6 6 25 Power 5 | 1 1 3 Engine 4 | 1 . 3 Core 1 | . 1 . Reactor . | . . . Propulsion 16 | 2 2 12 Treads 3 | . 2 1 Leg 10 | 2 . 8 Wheel . | . . . Hover 3 | . . 3 Flight . | . . . Utility 9 | 1 3 5 Device 3 | . 1 2 Storage 3 | 1 2 . Processor 1 | . . 1 Hackware . | . . . Protection 2 | . . 2 Artifact . | . . . Weapon 7 | 2 . 5 Energy Gun 4 | 2 . 2 Energy Cannon . | . . . Ballistic Gun 1 | . . 1 Ballistic Cannon . | . . . Launcher . | . . . Special Weapon . | . . . Impact Weapon 2 | . . 2 Slashing Weapon . | . . . Piercing Weapon . | . . . Special Melee Weapon . | . . . Unidentified Prototypes . | . . . Parts Lost 12 | . . 12 Power 3 | . . 3 Propulsion 7 | . . 7 Utility . | . . . Weapon 2 | . . 2 Highest Loss Streak 3 | . . 3 Average Slot Usage (%) 93 | . 99 91 Engine 6 | . 1 8 Core 4 | . 12 1 Treads 10 | . 27 3 Leg 14 | . . 19 Hover 2 | . . 4 Device 8 | . 12 7 Storage 12 | . 15 11 Processor 5 | . . 7 Protection 5 | . . 7 Energy Gun 10 | . 28 3 Impact Weapon 12 | . . 16 Naked Turns . | . . . Heaviest Build 39 | 11 39 33 Greatest Support 40 | 20 40 40 Greatest Overweight (x) 10 | . 1 10 Average Overweight (x) . | . . . Largest Inventory Capacity 16 | 6 16 10 Average Capacity 9 | 5 10 10 Most Carried 10 | 3 5 10 Average Carried 4 | 1 3 5 Final Capacity 10 | 6 10 10 Final Carried 7 | 3 4 7 Class Distribution -------------------- 77% | Mutant 22% | Scavenger-Mutant Dominant Class ---------------- Mutant | -10/Materials Mutant | -9/Materials Resources | -11 -10 -9 ----------- Run | Scr Mat Mat Matter Collected 701 | 251 69 381 Remotely . | . . . Salvage Created 1605 | . 445 1160 Parts 85 | . 35 50 Haulers Intercepted 1 | . . 1 Recyclers Shooed 6 | . 2 4 Parts Field Recycled . | . . . Retrieved Matter . | . . . Parts Self-Destructed . | . . . Prevented . | . . . Kills | -11 -10 -9 ------- Run | Scr Mat Mat Combat Hostiles Destroyed 34 | . 8 26 Melee 8 | . . 8 Guns 19 | . 8 11 Classes Destroyed 9 | . 5 4 Worker 2 | . 1 1 Tunneler 1 | . . 1 Hauler 1 | . . 1 Recycler 2 | . 1 1 Operator 2 | . . 2 Watcher 6 | . 3 3 Swarmer 13 | . 3 10 Grunt 14 | . 5 9 Sentry 7 | . . 7 Best Kill Streak 6 | . 4 6 Combat Bots Only 6 | . 3 6 Max Kills in Single Turn 1 | . 1 1 Gunslinging . | . . . Exploded . | . . . Melee 1 | . . 1 Uniques/NPCs Destroyed . | . . . Combat | -11 -10 -9 -------- Run | Scr Mat Mat Damage Taken 1888 | . 151 1737 Core 445 | . 41 404 Absorbed by Shields . | . . . Core Remaining (%) 91 | 100 83 . Volleys Fired 61 | . 26 35 Largest 2 | . 2 2 Hottest 90 | . 90 90 Shots Fired 102 | . 52 50 Gun 102 | . 52 50 Cannon . | . . . Launcher . | . . . Special . | . . . Kinetic 27 | . . 27 Thermal 39 | . 26 13 Explosive . | . . . Electromagnetic 36 | . 26 10 Robot Hit Streak 13 | . 13 8 Robot Miss Streak 3 | . 1 3 Penetration Max . | . . . Secondary Targets 2 | . 1 1 Max Gunslinging Chain 1 | . 1 1 Shots Hit Robots 170 | . 38 132 Core Hits 49 | . 20 29 Critical Hits 1 | . . 1 Critical Kills 1 | . . 1 Critical Parts Destroyed . | . . . Melee Attacks 110 | . . 110 Impact 110 | . . 110 Slashing . | . . . Piercing . | . . . Sneak Attacks 8 | . . 8 Combat Hostiles . | . . . Follow-up Attacks 22 | . . 22 Damage Inflicted 3662 | . 514 3148 Guns 1023 | . 514 509 Cannons . | . . . Explosions . | . . . Melee 2639 | . . 2639 Ramming . | . . . Kinetic 303 | . . 303 Thermal 349 | . 228 121 Explosive . | . . . Electromagnetic 371 | . 286 85 Impact 2639 | . . 2639 Slashing . | . . . Piercing . | . . . Highest Corruption . | . . . Average Corruption . | . . . Corruption Purged . | . . . Overload Shots . | . . . Overflow Damage 406 | . . 406 Projectiles . | . . . Explosions . | . . . Melee 406 | . . 406 Knockbacks 7 | . . 7 Impact 7 | . . 7 Kinetic . | . . . Secondary . | . . . Self-Inflicted Damage . | . . . Shots . | . . . Rammed . | . . . Targets Rammed . | . . . Kicked . | . . . Crushed . | . . . Highest Temperature 192 | . 192 . Average Temperature 74 | . 74 . Received Heat Transfer 759 | . 84 675 Siege Activations . | . . . Robots Corrupted . | . . . Combat Hostiles . | . . . Parts Fried 20 | . 2 18 Impact Corruptions 28 | . . 28 Robots Melted . | . . . Combat Hostiles . | . . . Parts Melted 1 | . . 1 Heat Transferred 953 | . 666 287 Parts Sabotaged . | . . . Parts Stolen . | . . . Parts Stripped . | . . . Power Chain Reactions . | . . . Missiles Intercepted . | . . . Alert | -11 -10 -9 ------- Run | Scr Mat Mat Peak Influence 419 | . 173 419 Initial 42 | . . 42 Average 146 | . 71 182 Maximum Alert Level 2 | . . 2 Low Security (%) 71 | 100 100 59 Level 1 27 | . . 38 Level 2 . | . . 1 Level 3 . | . . . Level 4 . | . . . Level 5 . | . . . High Security . | . . . Max Security . | . . . Squads Dispatched 5 | . 2 3 Investigation 2 | . 2 . Extermination . | . . . Reinforcement 3 | . . 3 Assault . | . . . Garrison . | . . . Intercept . | . . . Construction Impeded . | . . . Haulers Reinforced . | . . . Stealth | -11 -10 -9 --------- Run | Scr Mat Mat Distress Signals 4 | . 1 3 Communications Jammed . | . . . Distress Signals . | . . . Times Spotted 51 | . 14 37 Peak Tracking Total 8 | . 4 8 Tactical Retreats 3 | . . 3 Traps | -11 -10 -9 ------- Run | Scr Mat Mat Traps Triggered 1 | . 1 . Indirectly . | . . . Trap Hack Attempts . | . . . Triggered . | . . . Disarmed . | . . . Reprogrammed . | . . . Reused . | . . . Traps Extracted . | . . . Installed . | . . . Triggered . | . . . Machines | -11 -10 -9 ---------- Run | Scr Mat Mat Machines Disabled . | . . . Max in Single Turn . | . . . Machines Sabotaged . | . . . Garrisons Compromised . | . . . Overloaded Fab Kills . | . . . Fab Network Shutdowns . | . . . Hacking | -11 -10 -9 --------- Run | Scr Mat Mat Machines Accessed 10 | . 3 7 Terminals 8 | . 3 5 Fabricators . | . . . Repair Stations . | . . . Recycling Units 2 | . . 2 Scanalyzers . | . . . Garrison Access . | . . . Total Hacks 29 | . 8 21 Successful 12 | . 2 10 Failed 17 | . 6 11 Catastrophic 5 | . 3 2 Database Lockouts . | . . . Manual 23 | . 7 16 Terminals 26 | . 8 18 Fabricators . | . . . Repair Stations . | . . . Recycling Units 3 | . . 3 Scanalyzers . | . . . Garrison Access . | . . . Terminal Hacks 7 | . 2 5 Part Schematic 1 | . 1 . Terminal Index 2 | . 1 1 Unreport Threat 1 | . . 1 Hauler Manifests 1 | . . 1 Registered Components 1 | . . 1 Zone Layout 1 | . . 1 Fabricator Hacks . | . . . Repair Station Hacks . | . . . Recycling Unit Hacks 2 | . . 2 Retrieve Components 2 | . . 2 Scanalyzer . | . . . Garrison Access Hacks . | . . . Unauthorized Hacks 3 | . . 3 Terminals 3 | . . 3 Botnet 2 | . . 2 Operators 1 | . . 1 Fabricators . | . . . Repair Stations . | . . . Recycling Units . | . . . Scanalyzers . | . . . Garrison Access . | . . . Data Cores Recovered . | . . . Used . | . . . Hacking Detections 8 | . 3 5 Full Trace Events 3 | . 2 1 Feedback Events . | . . . Feedback Blocked . | . . . Robot Schematics Acquired . | . . . Robots Built . | . . . Matter . | . . . Time . | . . . Total Robot Build Rating . | . . . Part Schematics Acquired 1 | . 1 . Parts Built . | . . . Matter . | . . . Time . | . . . Total Part Build Rating . | . . . Parts Repaired . | . . . Time . | . . . Parts Recycled . | . . . Recycled Matter . | . . . Retrieved Matter . | . . . Retrieved Components 13 | . . 13 Parts Scanalyzed . | . . . Part Schematics Acquired . | . . . Parts Damaged . | . . . Bothacking | -11 -10 -9 ------------ Run | Scr Mat Mat Used RIF Installer . | . . . Robots Hacked . | . . . Non-combat . | . . . Combat . | . . . Robot Hacks Applied . | . . . Relay Couplers Released . | . . . Robots Rewired . | . . . Allies Hacked . | . . . Hacks Repelled . | . . . Allies | -11 -10 -9 -------- Run | Scr Mat Mat Total Allies . | . . . Largest Group . | . . . Highest-Rated Group . | . . . Highest-Rated Ally . | . . . Total Orders . | . . . Ally Attacks . | . . . Total Damage . | . . . Kills . | . . . Allies Corrupted . | . . . Allies Melted . | . . . Intel | -11 -10 -9 ------- Run | Scr Mat Mat Robot Analysis Total . | . . . Derelict Logs Recovered . | . . . Drone Launches . | . . . Drone Recoveries . | . . . Exploration | -11 -10 -9 ------------- Run | Scr Mat Mat Turns Passed 2171 | 72 580 1519 Spaces Moved 1088 | 60 291 737 Core 31 | 20 . 11 Treads 400 | . 281 119 Legs 555 | 40 10 505 Wheels . | . . . Hover 102 | . . 102 Flight . | . . . Fastest Speed 50 | 50 120 52 Average Speed 144 | 96 158 142 Slowest Speed 550 | 120 160 550 Overloaded Moves . | . . . Propulsion Burnouts . | . . . Robots Hopped . | . . . Cave-ins Triggered . | . . . Exploration Rate (%) 34 | 4 42 56 Regions Visited 2 Branch Regions . Pre-discovered Areas . | . . . Known Exits Taken . | . . . Unknown Exits Taken 2 | 1 1 . Scrap Searched . | . . . Spaces Dug 4 | . . 4 Terrain Destroyed 4 | . . 4 Melee 4 | . . 4 Projectile . | . . . AOE . | . . . Terrain Rammed . | . . . Walls Destroyed . | . . . Machines Disabled . | . . . Actions | -11 -10 -9 --------- Run | Scr Mat Mat Total 1403 | 74 356 973 Wait 85 | . 28 57 Move 1086 | 59 290 737 Hop . | . . . Pick Up 38 | 9 4 25 Fast Attach . | . . . Attach 27 | 6 2 19 Detach . | . . . Swap 10 | . 4 6 Drop 10 | . 2 8 Fire 61 | . 26 35 Melee 86 | . . 86 Ram . | . . . Kick . | . . . Crush . | . . . Escape Stasis . | . . . Rewire . | . . . Trap . | . . . Miscellaneous . | . . . Route ------- -11/Scrapyard -10/Materials -9/Materials (discovered 1 exit: [*Mat]) History --------- Turn | Location | Event 12 | -11/Scrapyard | Discovered new exit (range 15) 73 | -11/Scrapyard | Entered Materials 312 | -10/Materials | Build established: Mutant 338 | -10/Materials | Discovered new exit (range 15) 653 | -10/Materials | Entered another Materials area 653 | -9/Materials | Evolved 2 slots: Propulsion x1, Utility x1 925 | -9/Materials | Lost 3 parts (1p2n) 1205 | -9/Materials | Core integrity fell below 50% 1597 | -9/Materials | Core integrity fell below 20% 1766 | -9/Materials | Lost 3 parts (3n) 2075 | -9/Materials | Discovered new exit (range 10) 2094 | -9/Materials | Build established: Scavenger-Mutant 2172 | -9/Materials | Destroyed by Y-45 Defender with Heavy Assault Rifle Last Messages --------------- 01936_ K-01 Serf collects debris. 01954_ K-01 Serf cleans the Terminal. 01959_ Hvy. Hammer follow-up attack on G-34 Mercenary. 01960_ K-01 Serf cleans the Terminal. 01974_ Destroyed Sml. Laser. 01974_ G-34 Mercenary system corrupted by crushing effect. 01974_ Hvy. Hammer follow-up attack on G-34 Mercenary. 01974_ K-01 Serf cleans the Terminal. 01978_ Hvy. Hammer follow-up attack on G-34 Mercenary. 01978_ Destroyed Ion Engine. 01978_ G-34 Mercenary system corrupted by crushing effect. 01979_ G-34 Mercenary system terminally corrupted. 01983_ Acquired 10 matter. 02014_ Acquired Lrg. Matter Pod. 02036_ Acquired 30 matter. 02041_ Acquired 15 matter. 02044_ Acquired 28 matter. 02075_ EXIT=FOUND 02165_ Hvy. Hammer follow-up attack on Y-45 Defender. 02169_ Hvy. Hammer destroyed. Map ----- +----------------------------------------------------+ | | | | | | | | | | | | | | | | | | | ???????????????????????????? | | ???????????????????????????? | | ????????########???????????? | | ????????# #?????????? | | ????????# """ #?????????? | | ????????# """ #?????????? | | ????????# """ #?????????? | | ????????# #?????????? | | ????????# ! #?????????? | | ?????#### " "" #?????????? | | ?????# # "R"" #?????????? | | ?????# # """ #?????????? | | ?????# ##+########????????? | | ?????# #????????? | | ?????# #????????? | | ?#####+#### ###+##????????? | | ?#Y@ # #?????????????? | | ?# """ # #?????????????? | | # """ # #?????????????? | | ## """ # #?????????????? | | ?# # #?????????????? | | ?# # #?????????????? | | ?# " " # ###########???? | | ?# "R" # # #???? | | ?# """ # + #???? | | ?########## # #???? | | # # # #???? | | # + + #???? | | # # # """" #???? | | # # # """" #???? | | # ?# #? """"?????? | | #[ ?# #?#######?????? | | # ??# #?????????????? | | # ??# #?????????????? | | #######???# #?????????????? | | ??????????# #?????????????? | | ??????????# #?????????????? | | ??????????# #?????????????? | | ??????????# #?????????????? | | ??????????# #?????????????? | | ??????????# #??????????#### | +----------------------------------------------------+ Best States ------------- Heat Dissipation 42 Energy Generation 14 Energy Capacity 265 Matter Stores 300 Matter Capacity 300 Sight Range 16 Robot Scan Range 13 Terrain Scan Density 10 Armor Coverage 150 Resistance: KI 20 Resistance: TH 20 Resistance: EX 20 Resistance: EM 20 Resistance: I 20 Resistance: S 20 Resistance: P 20 Weapon Shielding 33 Evasion (%) 50 Recoil Reduction 2 Offensive Hacking 10 Item Schematics ----------------- Lrg. Storage Unit | -10/Materials | Hacked Robot Schematics ------------------ None Fabricated ------------ Nothing Alien Tech Used ----------------- None Achievements -------------- None Challenges ------------ None Game ------ Seed MolecularForcePerforator Manual? 0 Play Time 00:23:46 Cumulative 130.3 hours Start 2020.11.04 @ 19:45:27 End 2020.11.04 @ 20:09:01 Sessions 1 Manual Loads 0 Difficulty Adventurer Special Mode Halloween2020/ForbiddenLore Game No. 162 Rogue 102 Adventurer 17 Explorer 43 Win Type - Total 3 Types 2/0/1/0/0/0/0/0/0 Lore% 27 Gallery% 59 Achievement% 48 Wizard Run 0 Options --------- ASCII 0 Keyboard 0 Movement Mouse Keybinds 0 Fullscreen 1 Font 12/Smallcaps Map View 83x54 Tactical HUD 1 Map Filters NONE Filters NONE Steam 1 RUN: 3ff3c8f4-81b8-43de-868e-b076757bf8ca